 Dungeon Crawl Stone Soup version 0.31.0-11-ge490571c62 (webtiles) character file.

Game seed: 15427306132911450605

17250 cdecastro the Bludgeoner (level 12, -14/101 HPs)
             Began as a Green Draconian Shapeshifter on Jan 26, 2024.
             Was a Plaything of Xom.
             Killed from afar by Frances (46 damage)
             ... with an iron shot
             ... on level 12 of the Dungeon.
             The game lasted 00:21:41 (9132 turns).

cdecastro the Bludgeoner (DrSh)                     Turns: 9132, Time: 00:21:42

Health: -14/101    AC:  8    Str: 15    XL:     12   Next: 17%
Magic:  12/12      EV: 22    Int: 11    God:    Xom [.*....]
Gold:   902        SH:  0    Dex: 19    Spells: 11/11 levels left

rFire   + . .        j - +8 flail of the Doomed Warrior {freeze, rF+ rC++ Will-}
rCold   + + .        (no shield)
rNeg    . . .        (body armour unavailable)
rPois   +            (helmet currently unavailable)
rElec   .            (cloak currently unavailable)
rCorr   .            (gloves currently unavailable)
SInv    .            (boots currently unavailable)
Will    .....        r - amulet of regeneration
Stlth   ++           q - +5 ring of evasion
HPRegen 1.16/turn    B - +5 ring of evasion
MPRegen 0.13/turn

%: clarity
@: mighty, beast-form, studying Fighting
A: beast (slay +4), breathe noxious fumes, AC +8, unfitting armour, poison
resistance, cold-blooded, antennae 1, agile 1, clarity, screaming 1, subdued
magic 1, MP-powered wands
a: Breathe Noxious Fumes, Begin Untransformation, Renounce Religion


You were on level 12 of the Dungeon.
You worshipped Xom.
You were a plaything of Xom.
You were a hulking beast.
You visited 1 branch of the dungeon, and saw 12 of its levels.
You also visited: Bailey.

You collected 902 gold pieces.

Inventory:

Hand Weapons
 j - the +8 flail of the Doomed Warrior (weapon) {freeze, rF+ rC++ Will-}
   (You found it on level 2 of the Dungeon)

   rF+:       It protects you from fire.
   rC++:      It greatly protects you from cold.
   Will-:     It decreases your willpower.
 s - a +2 whip of freezing
 O - a +2 demon whip of venom
 S - a +5 battleaxe
 T - a +1 broad axe of chaos
Missiles
 z - 2 throwing nets (quivered)
Armour
 G - a +0 cloak
Magical Staves
 I - a staff of conjuration
Jewellery
 f - a ring of wizardry
 h - a ring of magical power
 q - a +5 ring of evasion (left hand)
 r - an amulet of regeneration (around neck)
 x - a ring of ice
 A - a ring of fire
 B - a +5 ring of evasion (right hand)
 H - an amulet of magic regeneration
 L - an amulet of guardian spirit
 N - a ring of wizardry
 Q - a ring of wizardry
Talismans
 b - a beast talisman (active)
 c - a flux talisman
 U - a flux talisman
 V - a flux talisman
Wands
 w - a wand of quicksilver (3)
 X - a wand of flame (8)
 Y - a wand of charming (4)
Scrolls
 i - a scroll of amnesia {unknown}
 k - 2 scrolls of enchant weapon
 n - 2 scrolls of teleportation {unknown}
 p - a scroll of summoning {unknown}
 u - a scroll of brand weapon {unknown}
 y - 3 scrolls of fog {unknown}
 C - 3 scrolls of revelation
 F - 3 scrolls of blinking {unknown}
 J - 4 scrolls of fear
 K - 2 scrolls of silence {unknown}
 M - a scroll of enchant armour {unknown}
 R - 5 scrolls of identify
 W - a scroll of immolation {unknown}
Potions
 a - 2 potions of lignification
 d - a potion of brilliance {unknown}
 e - 2 potions of mutation {unknown}
 g - a potion of cancellation {unknown}
 l - 7 potions of haste
 m - 5 potions of heal wounds
 o - a potion of experience
 t - 4 potions of curing
 v - 3 potions of might
 D - a potion of magic {unknown}
 E - 4 potions of attraction
 P - a potion of ambrosia


   Skills:
 * Level 7.9 Fighting
 - Level 16.7 Maces & Flails
 - Level 1.7 Dodging
 - Level 3.8 Unarmed Combat
 - Level 9.0 Shapeshifting


You had 11 spell levels left.
You didn't know any spells.
Your spell library contained the following spells:

 Spells                   Type           Power      Damage    Failure   Level
 Magic Dart               Conj           0%         1d3       30%         1
 Sandblast                Erth           0%         2d4       30%         1
 Sting                    Conj/Alch      0%         1d3       30%         1
 Blink                    Tloc           0%         N/A       43%         2
 Call Imp                 Summ           0%         N/A       43%         2
 Mercury Vapours          Alch/Air       0%         N/A       43%         2
 Passwall                 Erth           0%         N/A       67%         3
 Stone Arrow              Conj/Erth      0%         3d7       67%         3
 Tukima's Dance           Hex            0%         N/A       67%         3
 Animate Dead             Necr           0%         N/A       97%         4
 Brom's Barrelling Bould  Conj/Erth      0%         2d3       97%         4
 Dimensional Bullseye     Hex/Tloc       0%         N/A       97%         4
 Iskenderun's Mystic Bla  Conj/Tloc      0%         2d3       97%         4
 Olgreb's Toxic Radiance  Alch           0%         N/A       97%         4
 Passage of Golubria      Tloc           0%         N/A       97%         4
 Yara's Violent Unravell  Hex/Alch       0%         3d3       100%        5
 Haunt                    Necr/Summ      0%         N/A       100%        7
 Infestation              Necr           0%         N/A       100%        8


Dungeon Overview and Level Annotations

Branches:
Dungeon (12/15)            Temple (0/1) D:7            Lair (0/5) D:8
    Orc (0/2) D:9          Bailey (visited)

Altars:
Ashenzari
Cheibriados
Elyvilon
Fedhas
Gozag
Hepliaklqana
Kikubaaqudgha
Makhleb
Qazlal
Ru
Sif Muna
Trog
Uskayaw
Xom
Yredelemnul
The Shining One

Annotations:
D:12 Frances


Innate Abilities, Weirdness & Mutations

You are a hulking beast.
Your limbs bulge with bestial killing power. (Slay +4)
You can breathe blasts of noxious fumes.
Your lurid green scales are hard. (AC +8)
You cannot fit into any form of body armour.
Your system is resistant to poisons. (rPois)
You are cold-blooded and may be slowed by cold attacks.
You have a pair of small antennae on your head.
You are agile. (Dex +4, Str/Int -1)
You possess an exceptional clarity of mind.
You occasionally shout uncontrollably at your foes.
Your spells are a little easier to cast, but a little less powerful.
You expend magic power (3 MP) to strengthen your wands.


Message History

The shard of ice misses you.
You feel very mighty all of a sudden.
Frances hits you from afar with a +0 glaive!!
Unknown command.
Frances says, "There is a strange beauty in the demonic, don't you think?"
Frances barely misses you.
You bludgeon Frances!! You freeze Frances.
Your tail-slap misses Frances.
Frances is lightly wounded.
Frances mutters a nigh-unspeakable word.
Frances mutters in a terrible tongue.
The iron shot hits you!!!
Ouch! That really hurt!
* * * LOW HITPOINT WARNING * * *
You bludgeon Frances!! You freeze Frances.
Frances is moderately wounded.
Frances whispers indecipherable words.
Frances seems to speed up.
Unknown command.
You closely miss Frances.
Frances is moderately wounded.
Frances barely misses you.
Unknown command.
You bludgeon Frances!! You freeze Frances!
Frances is severely wounded.
Frances barely misses you.
Unknown command.
You bludgeon Frances!! You freeze Frances!
Frances is almost dead.
Frances completely misses you.
Unknown command.
You barely miss Frances.
Frances is almost dead.
Frances hits you but does no damage.
Unknown command.
You closely miss Frances.
Frances is almost dead.
Frances mutters in a terrible tongue.
The iron shot hits you!!!
You die...
Xom thinks this is hilarious!

#......[......#.....#.,,,,,,
*#.....)....@..#...#..,,,,,,
##.#...........#.#.........
*#.#..#........#..........
#*##.#.....@.............
*..#.##.#..............
#########..............
#.##.#.........!...
#.h#...............
##.@.#.............
#.#.#.............
##.#.............>
####..##..#.##.##
#############


You could see Frances (fast).

Vanquished Creatures
  An orc warlord (Bailey)
  Josephine (D:10)
  An anaconda (D:12)
  A two-headed ogre (D:11)
  Amaemon (D:8)
  2 orc knights (Bailey)
  An ugly thing (D:12)
  An orange demon (D:8)
  An unseen horror (D:11)
  A kobold demonologist (D:10)
  2 tengu conjurers (D:10)
  2 komodo dragons
  5 trolls
  4 wraiths (D:10)
  2 shadows
  17 yaks
  2 wyverns
  A hog (D:7)
  2 basilisks (D:12)
  A steam dragon (D:10)
  An acid dragon (D:11)
  17 orc warriors
  A black bear (D:7)
  2 laughing skulls (D:10)
  2 sky beasts
  3 ice beasts
  2 ogres
  3 centaurs
  A phantom (D:5)
  8 kobold brigands
  3 bullfrogs
  5 gnoll sergeants
  2 scorpions (D:5)
  6 killer bees (D:8)
  A bombardier beetle (D:5)
  4 howler monkeys
  3 hounds (D:5)
  2 jellies
  9 orc priests
  3 iguanas
  9 orc wizards
  6 adders
  25 gnolls
  3 shadow imps
  A white imp (D:5)
  2 ribbon worms
  3 dart slugs
  59 orcs
  7 bats
  8 endoplasms
  2 giant cockroaches (D:1)
  15 goblins
  14 hobgoblins
  6 quokkas
  8 ball pythons
  3 frilled lizards
  20 kobolds
  6 rats
324 creatures vanquished.

Vanquished Creatures (others)
  A jelly (D:5)
  2 orcs (D:5)
  A hobgoblin (D:10)
  2 goblins (D:10)
6 creatures vanquished.

Grand Total: 330 creatures vanquished

Notes
Turn   | Place    | Note
-------+----------+-------------------------------------------
     0 | D:1      | cdecastro the Draconian Shapeshifter began the quest for
                  | the Orb.
     0 | D:1      | Reached XP level 1. HP: 16/16 MP: 1/1
    61 | D:1      | Reached XP level 2. HP: 23/23 MP: 2/2
   737 | D:2      | Identified the +8 flail of the Doomed Warrior {freeze, rF+
                  | rC++ Will-}
   751 | D:2      | Reached XP level 3. HP: 28/28 MP: 3/3
   791 | D:2      | Reached skill level 1 in Maces & Flails
   910 | D:2      | Reached XP level 4. HP: 32/35 MP: 4/4
   913 | D:2      | Reached skill level 2 in Maces & Flails
  1341 | D:3      | Found a shimmering altar of Xom.
  1856 | D:3      | Became a worshipper of Xom of Chaos
  2003 | D:4      | Found a blossoming altar of Fedhas.
  2053 | D:4      | Reached skill level 3 in Maces & Flails
  2053 | D:4      | Reached XP level 5. HP: 25/40 MP: 5/5
  2709 | D:4      | Noticed an orc warrior
  2721 | D:4      | Killed an orc warrior
  2722 | D:4      | Reached skill level 4 in Maces & Flails
  2722 | D:4      | Reached XP level 6. HP: 21/47 MP: 6/6
  2797 | D:4      | XOM: divination: detect items
  2863 | D:4      | XOM: silly message
  2907 | D:5      | Entered Level 5 of the Dungeon
  2907 | D:5      | Noticed an ice beast
  3027 | D:5      | Found a shimmering blue altar of Sif Muna.
  3037 | D:5      | XOM: cast spell 'Olgreb's Toxic Radiance'
  3113 | D:5      | XOM: potion effect (haste)
  3122 | D:5      | XOM: divination: magic mapping
  3129 | D:5      | Killed an ice beast
  3130 | D:5      | Reached skill level 5 in Maces & Flails
  3132 | D:5      | Your scales start taking on a lurid green colour.
  3132 | D:5      | Reached XP level 7. HP: 46/52 MP: 7/7
  3132 | D:5      | Gained mutation: Your system is resistant to poisons.
                  | (rPois) [Green Draconian growth]
  3219 | D:5      | Reached skill level 5 in Shapeshifting
  3223 | D:5      | XOM: blink monster(s)
  3227 | D:5      | Reached skill level 6 in Maces & Flails
  3279 | D:5      | XOM: chaos cloud
  3350 | D:5      | Reached skill level 7 in Maces & Flails
  3350 | D:5      | Reached XP level 8. HP: 59/59 MP: 8/8
  3366 | D:5      | XOM: polymorph black bear -> hound
  3566 | D:5      | Found a white marble altar of Elyvilon.
  3764 | D:6      | XOM: silly message
  3781 | D:6      | XOM: polymorph orc -> adder
  4069 | D:6      | Found a snail-covered altar of Cheibriados.
  4092 | D:6      | Found a hazy altar of Hepliaklqana.
  4133 | D:6      | Found a bloodstained altar of Trog.
  4418 | D:7      | Reached skill level 8 in Maces & Flails
  4597 | D:6      | XOM: give mutations
  4597 | D:6      | Gained mutation: You have a pair of small antennae on your
                  | head. [Xom's mischief]
  4597 | D:6      | Gained mutation: You are agile. (Dex +4, Str/Int -1) [Xom's
                  | mischief]
  4597 | D:6      | Lost mutation: You are agile. (Dex +4, Str/Int -1) [Xom's
                  | mischief]
  4611 | D:7      | XOM: 2-stop teleportation journey
  4616 | D:7      | XOM: polymorph steam dragon -> hog
  4618 | D:7      | XOM: enchant monster (bad)
  4630 | D:7      | Reached skill level 9 in Maces & Flails
  4647 | D:7      | Reached XP level 9. HP: 64/64 MP: 9/9
  4857 | D:7      | XOM: give mutations
  4857 | D:7      | Gained mutation: Your spells are a little easier to cast,
                  | but a little less powerful. [Xom's mischief]
  4857 | D:7      | Gained mutation: You occasionally shout uncontrollably at
                  | your foes. [Xom's mischief]
  4857 | D:7      | Gained mutation: You possess an exceptional clarity of
                  | mind. [Xom's mischief]
  4914 | D:7      | Found a staircase to the Ecumenical Temple.
  5128 | D:8      | Found a staircase to the Lair.
  5128 | D:8      | Noticed a komodo dragon
  5139 | D:8      | Reached skill level 10 in Maces & Flails
  5142 | D:8      | Killed a komodo dragon
  5315 | D:8      | XOM: potion effect (invisibility)
  5442 | D:8      | XOM: potion effect (invisibility)
  5458 | D:8      | Reached skill level 11 in Maces & Flails
  5479 | D:8      | Found a broken altar of Ashenzari.
  5516 | D:8      | XOM: silly message
  5582 | D:8      | XOM: potion effect (invisibility)
  5885 | D:8      | Found a sacrificial altar of Ru.
  5913 | D:9      | Reached XP level 10. HP: 71/71 MP: 10/10
  6020 | D:9      | Noticed Amaemon
  6025 | D:9      | XOM: noise
  6027 | D:9      | Noticed an orange demon
  6032 | D:9      | XOM: cast spell 'Summon Small Mammal'
  6049 | D:8      | Killed Amaemon
  6050 | D:8      | Reached skill level 12 in Maces & Flails
  6076 | D:9      | XOM: potion effect (brilliance)
  6105 | D:8      | Killed an orange demon
  6211 | D:9      | Found a stormy altar of Qazlal.
  6307 | D:9      | Found a staircase to the Orcish Mines.
  6338 | D:9      | XOM: silly message
  6345 | D:9      | Reached skill level 13 in Maces & Flails
  6347 | D:9      | XOM: potion effect (curing)
  6467 | D:9      | Found a basalt altar of Yredelemnul.
  6709 | D:10     | Entered Level 10 of the Dungeon
  6793 | D:10     | Found a flagged portal.
  6814 | Bailey   | Entered a bailey
  6850 | Bailey   | XOM: potion effect (berserk rage)
  6902 | Bailey   | XOM: divination: detect items
  6969 | Bailey   | Noticed an orc knight
  6989 | Bailey   | XOM: confuse monster(s)
  6991 | Bailey   | XOM: swap monsters
  7006 | Bailey   | Killed an orc knight
  7007 | Bailey   | Reached skill level 14 in Maces & Flails
  7007 | Bailey   | Reached XP level 11. HP: 70/77 MP: 11/11
  7070 | Bailey   | Noticed an orc warlord
  7071 | Bailey   | XOM: summons 5 friendly demons
  7119 | Bailey   | XOM: potion effect (brilliance)
  7125 | Bailey   | Killed an orc warlord
  7198 | Bailey   | XOM: noise
  7208 | Bailey   | Noticed an orc knight
  7218 | Bailey   | XOM: butterfly on damage
  7220 | Bailey   | Killed an orc knight
  7245 | Bailey   | XOM: chaos upgrade
  7465 | D:10     | Reached skill level 15 in Maces & Flails
  7529 | D:10     | Found an opulent altar of Gozag.
  7535 | D:10     | XOM: swap monsters
  7557 | D:10     | Found a burning altar of Makhleb.
  7559 | D:10     | Noticed Josephine
  7574 | D:10     | Killed Josephine
  7591 | D:10     | Found an ancient bone altar of Kikubaaqudgha.
  7640 | D:10     | Found a glowing golden altar of the Shining One.
  7659 | D:10     | Found a hide-covered altar of Uskayaw.
  7853 | D:10     | Noticed a soul eater
  7858 | D:10     | XOM: confuse monster(s)
  7942 | D:11     | XOM: enchant monster (bad)
  7945 | D:11     | XOM: butterfly on damage
  8038 | D:11     | XOM: noise
  8053 | D:11     | Noticed a two-headed ogre
  8080 | D:11     | XOM: butterfly on damage
  8087 | D:11     | XOM: chaos upgrade
  8088 | D:11     | Killed a two-headed ogre
  8089 | D:11     | Reached skill level 16 in Maces & Flails
  8089 | D:11     | XOM: 3-stop teleportation journey
  8232 | D:11     | XOM: potion effect (haste)
  8240 | D:11     | XOM: god gift: 4 atropa-tipped darts
  8739 | D:11     | XOM: summons 5 hostile demons
  8803 | D:12     | XOM: give mutations
  8803 | D:12     | Gained mutation: You expend magic power (3 MP) to
                  | strengthen your wands. [Xom's grace]
  8803 | D:12     | Gained mutation: You are agile. (Dex +4, Str/Int -1) [Xom's
                  | grace]
  8878 | D:12     | XOM: summons 2 friendly demons
  8883 | D:12     | Reached XP level 12. HP: 64/89 MP: 12/12
  8899 | D:12     | XOM: summons friendly quasit
  8907 | D:12     | Reached skill level 5 in Fighting
  9026 | D:12     | Noticed Rupert
  9030 | D:12     | Paralysed by Rupert for 5 turns
  9034 | D:12     | XOM: confuse monster(s)
  9041 | D:12     | Rupert changed into Rupert the anaconda
  9041 | D:12     | Noticed Rupert
  9041 | D:12     | XOM: polymorph Rupert -> Rupert the anaconda
  9045 | D:12     | Killed Rupert the anaconda
  9088 | D:12     | Found a sacrificial altar of Ru.
  9107 | D:12     | Noticed Frances
  9132 | D:12     | Killed from afar by Frances

Illustrated notes

Levels and vault maps discovered:
D:1:      dpeg_arrival_connections, layout_basic
D:2:      layout_rooms
D:3:      layout_loops_ring, xom_butterflies, minmay_quantized
D:4:      layout_basic, mainiacjoe_overflow_paths, minmay_manual_mandibuliform
D:5:      minmay_opposing_rooms, layout_basic, elyvilon_altar_1, led_sif_book,
          uniq_grinder
D:6:      layout_cave_pods, nicolae_hepliaklqana_hazy_memory,
          mainiacjoe_overflow_surrounded_room, lemuel_coloured_pillars_altar
D:7:      layout_cave_pools, minmay_temple_entry_stoned_glass
D:8:      nicolae_hitomezashi [nicolae_hito_row, nicolae_hito_row,
          nicolae_hito_row, nicolae_hito_row, nicolae_hito_row,
          nicolae_hito_row, nicolae_hito_row, nicolae_hito_row,
          nicolae_hito_row, nicolae_hito_row, nicolae_hito_row,
          nicolae_hito_row, nicolae_hito_row, nicolae_hito_row,
          nicolae_hito_row, nicolae_hito_row, nicolae_hito_row,
          nicolae_hito_row], layout_loops_ring, old_standard_altar,
          general_overflow_altar, david_lair_shrubbed,
          chequers_hall_statues_wall_a
D:9:      layout_small_grid, mainiacjoe_overflow_small_starburst,
          grunt_qazlal_clouds, kennysheep_orc_monster_closet_entryway,
          uniq_amaemon
D:10:     layout_rooms, mainiacjoe_overflow_catwalk,
          mainiacjoe_overflow_boulevard, mainiacjoe_overflow_cross_hatched,
          grunt_temple_overflow_open, serial_corexii_hall,
          corexii_hall_statues_s, corexii_hall_statues_s, enter_bailey_4,
          nicolae_letterblocks [nicolae_letter_subblock,
          nicolae_letter_subblock, nicolae_letter_subblock,
          nicolae_letter_subblock, nicolae_letter_subblock,
          nicolae_letter_subblock, nicolae_letter_subblock,
          nicolae_letter_subblock, nicolae_letter_subblock,
          nicolae_letter_subblock, nicolae_letter_subblock,
          nicolae_letter_subblock, nicolae_letter_subblock,
          nicolae_letter_subblock, nicolae_letter_subblock,
          nicolae_letter_subblock, nicolae_letter_subblock,
          nicolae_letter_subblock, nicolae_letter_subblock,
          nicolae_letter_subblock, nicolae_letter_subblock,
          nicolae_letter_subblock, nicolae_letter_subblock,
          nicolae_letter_subblock, nicolae_letter_subblock], uniq_josephine
D:11:     layout_loops_cross
D:12:     layout_big_octagon, nicolae_ru_awakened_eye, uniq_frances, uniq_rupert

Skill      XL: |  1  2  3  4  5  6  7  8  9 10 11 12 |
---------------+-------------------------------------+-----
Maces & Flails | 1 3 4 5 7 9 11 14 16 | 16.7
Shapeshifting  | 4 5 6 8 9 |  9.0
Fighting       | 3 7 |  7.9
Dodging        | |  1.7
Unarmed Combat | |  3.8

Action                     |  1- 3 |  4- 6 |  7- 9 | 10-12 || total
---------------------------+-------+-------+-------+-------++-------
  Melee: Unarmed           |    42 |       |       |       ||    42
         Tailslap          |     7 |     4 |    22 |    65 ||    98
         Flail             |    21 |    88 |   230 |   441 ||   780
         Punch             |       |     1 |     3 |     7 ||    11
Ability: Breathe Noxious F |       |       |     1 |     3 ||     4
  Evoke: Wand              |       |       |       |     1 ||     1
    Use: Scroll            |       |       |       |    10 ||    10
         Potion            |       |       |       |     1 ||     1
   Stab: Sleeping          |       |       |     1 |     1 ||     2
         Invisible         |       |       |    15 |       ||    15
         Confused          |       |       |       |     8 ||     8
         Distracted        |       |       |       |     3 ||     3
 Armour: Skin              |    25 |    43 |    64 |   176 ||   308
  Dodge: Dodged            |    42 |    39 |   243 |   349 ||   673
   Form: Beast             |       |       |     1 |       ||     1
         Flux              |       |       |     1 |       ||     1
